[ AOE2 MATCH · #506210119 ]
UnrankedIncas vs Malians
Player's team · WIN
Rival team · LOSS
[ REPLAY ANALYSIS · EXTRACTED FROM THE RECORDED GAME ]
Feudal
9:41
Castle
21:51
Imperial
—
| APM avg | 30.6 |
| APM peak | 56 |
| eAPM avg | 14.7 |
| Villagers / military | 40 / 0 |
Focus
⚔️ 43.7% · 🌾 56.3%
Unknown (2550) ×36
Feudal
10:15
Castle
—
Imperial
—
| APM avg | 67.1 |
| APM peak | 123 |
| eAPM avg | 22.1 |
| Villagers / military | 52 / 38 |
Focus
⚔️ 34.5% · 🌾 65.5%
Militia ×38
Match map
Initial resources + every placement click. Lines = walls · curves = elevation contours. ◆ gold · ⬟ stone · ● berries · ✦ relic · ◌ wall gap
Your base· Open — 4t gap
[Not TyRant] Not The Viper's base· Open — 6t gap
Smoothed initial terrain · ◌ = detected wall gap · hover for details
Inputs per minute
— Movinup14 - - [Not TyRant] Not The Viper
Build order — Movinup14
123 actions detected in the replay
| 0:00 | Queue | Villager (Male) |
| 0:02 | Build | House |
| 0:05 | Queue | Villager (Male) |
| 0:05 | Queue | Villager (Male) |
| 0:12 | Queue | Villager (Male) |
| 0:12 | Queue | Villager (Male) |
| 1:13 | Queue | Villager (Male) |
| 1:45 | Build | Settlement |
| 1:52 | Queue | Villager (Male) |
| 1:52 | Queue | Villager (Male) |
| 2:21 | Queue | Villager (Male) |
| 2:44 | Queue | Villager (Male) |
| 3:00 | Queue | Villager (Male) |
| 3:00 | Queue | Villager (Male) |
| 3:33 | Queue | Villager (Male) |
| 3:53 | Queue | Villager (Male) |
| 3:53 | Queue | Villager (Male) |
| 4:15 | Queue | Villager (Male) |
| 4:15 | Queue | Villager (Male) |
| 4:49 | Queue | Villager (Male) |
| 4:54 | Build | Barracks |
| 5:11 | Queue | Villager (Male) |
| 5:11 | Queue | Villager (Male) |
| 5:49 | Build | Settlement |
| 6:26 | Queue | Villager (Male) |
| 6:51 | Queue | Villager (Male) |
| 6:51 | Queue | Villager (Male) |
| 7:05 | Research | Loom |
| 7:10 | Build | Palisade Wall |
| 7:12 | Build | Palisade Wall |
| 7:14 | Build | Palisade Wall |
| 7:24 | Research | Feudal Age |
| 7:42 | Queue | Unit 2550 |
| 7:49 | Queue | Unit 2550 |
| 8:03 | Build | Settlement |
| 8:08 | Build | Settlement |
| 8:52 | Build | Palisade Wall |
| 8:54 | Build | Palisade Wall |
| 9:03 | Queue | Villager (Male) |
| 9:03 | Queue | Villager (Male) |
| 9:41 | Age | Feudal Age |
| 9:46 | Build | Blacksmith |
| 10:00 | Research | Tech 1402 |
| 10:06 | Build | Barracks |
| 10:09 | Build | Farm |
| 10:12 | Build | Farm |
| 10:12 | Build | Farm |
| 10:36 | Research | Scale Mail Armor |
| 10:39 | Queue | Villager (Male) |
| 10:44 | Build | Farm |
| 10:50 | Build | Farm |
| 10:51 | Queue | Unit 2550 |
| 11:10 | Queue | Unit 2550 |
| 11:22 | Queue | Villager (Male) |
| 11:26 | Build | Farm |
| 11:27 | Build | Farm |
| 11:36 | Queue | Unit 2550 |
| 11:54 | Queue | Unit 2550 |
| 11:59 | Build | Farm |
| 12:03 | Build | Farm |
| 12:05 | Queue | Villager (Male) |
| 12:14 | Queue | Unit 2550 |
| 12:38 | Queue | Villager (Male) |
| 12:43 | Queue | Unit 2550 |
| 13:18 | Queue | Unit 2550 |
| 13:18 | Queue | Unit 2550 |
| 13:21 | Build | House |
| 13:33 | Research | Forging |
| 13:52 | Build | Farm |
| 13:56 | Build | Farm |
| 13:56 | Build | Farm |
| 14:01 | Queue | Unit 2550 |
| 14:01 | Queue | Unit 2550 |
| 14:01 | Queue | Unit 2550 |
| 14:01 | Queue | Unit 2550 |
| 14:01 | Queue | Unit 2550 |
| 14:01 | Queue | Unit 2550 |
| 14:14 | Build | Farm |
| 14:48 | Queue | Villager (Male) |
| 14:48 | Queue | Villager (Male) |
| 14:58 | Build | Market |
| 15:07 | Research | Double-Bit Axe |
| 15:35 | Queue | Villager (Male) |
| 15:39 | Build | Farm |
| 16:16 | Queue | Villager (Male) |
| 16:18 | Research | Arson |
| 16:22 | Queue | Unit 2550 ×3 |
| 16:38 | Queue | Villager (Male) |
| 16:39 | Queue | Villager (Male) |
| 16:43 | Build | Farm |
| 16:43 | Build | Farm |
| 16:44 | Build | Farm |
| 17:23 | Queue | Villager (Male) |
| 17:29 | Build | House |
| 17:31 | Build | House |
| 17:44 | Queue | Unit 2550 |
| 17:44 | Queue | Unit 2550 |
| 17:47 | Research | Horse Collar |
| 17:51 | Build | Farm |
| 17:54 | Build | Farm |
| 18:42 | Queue | Villager (Male) |
| 18:43 | Queue | Villager (Male) |
| 19:11 | Research | Castle Age |
| 19:30 | Queue | Villager (Male) |
| 20:14 | Queue | Unit 2550 ×5 |
| 20:44 | Build | Barracks |
| 21:10 | Queue | Unit 2550 ×3 |
| 21:25 | Build | Farm |
| 21:51 | Age | Castle Age |
| 21:53 | Research | Chain Mail Armor |
| 22:02 | Research | Squires |
| 22:08 | Research | Tech 1351 |
| 22:14 | Queue | Unit 2550 |
| 22:14 | Queue | Unit 2550 |
| 22:16 | Queue | Villager (Male) |
| 22:21 | Build | Farm |
| 22:22 | Build | Farm |
| 22:23 | Build | Farm |
| 22:23 | Build | Farm |
| 22:24 | Build | Farm |
| 22:33 | Build | Farm |
| 22:43 | Queue | Unit 2550 ×2 |
| 23:04 | Queue | Unit 2550 ×3 |
Build order — [Not TyRant] Not The Viper
First 150 of 158 actions detected
| 0:01 | Queue | Villager (Male) |
| 0:01 | Queue | Villager (Male) |
| 0:01 | Queue | Villager (Male) |
| 0:02 | Queue | Villager (Male) |
| 0:02 | Queue | Villager (Male) |
| 0:03 | Build | House |
| 0:04 | Build | House |
| 1:24 | Queue | Villager (Male) |
| 1:45 | Build | Lumber Camp |
| 1:51 | Queue | Villager (Male) |
| 2:26 | Queue | Villager (Male) |
| 2:27 | Queue | Villager (Male) |
| 2:46 | Queue | Villager (Male) |
| 2:46 | Queue | Villager (Male) |
| 3:03 | Build | House |
| 3:19 | Queue | Villager (Male) |
| 3:19 | Queue | Villager (Male) |
| 3:44 | Queue | Villager (Male) |
| 4:04 | Build | Barracks |
| 4:22 | Queue | Villager (Male) |
| 4:40 | Queue | Villager (Male) |
| 5:06 | Queue | Villager (Male) |
| 5:07 | Build | House |
| 5:08 | Queue | Militia |
| 5:08 | Queue | Militia |
| 5:30 | Queue | Villager (Male) |
| 6:25 | Queue | Villager (Male) |
| 6:28 | Queue | Villager (Male) |
| 6:29 | Queue | Villager (Male) |
| 7:35 | Research | Loom |
| 7:48 | Research | Feudal Age |
| 7:52 | Build | Mining Camp |
| 8:01 | Build | House |
| 8:42 | Queue | Militia |
| 8:59 | Build | House |
| 9:09 | Queue | Militia |
| 9:09 | Queue | Militia |
| 9:37 | Queue | Militia |
| 9:37 | Queue | Militia |
| 9:58 | Queue | Militia |
| 10:09 | Build | Mill |
| 10:15 | Age | Feudal Age |
| 10:16 | Research | Man-at-Arms (upgrade) |
| 10:17 | Research | Man-at-Arms (upgrade) |
| 10:17 | Research | Double-Bit Axe |
| 10:18 | Queue | Villager (Male) |
| 10:22 | Build | Archery Range |
| 10:42 | Queue | Villager (Male) |
| 10:42 | Queue | Villager (Male) |
| 10:50 | Build | Blacksmith |
| 11:00 | Build | Farm |
| 11:00 | Build | Farm |
| 11:01 | Build | Farm |
| 11:01 | Build | Farm |
| 11:19 | Build | Farm |
| 11:21 | Build | Farm |
| 11:31 | Build | House |
| 11:42 | Build | Farm |
| 11:57 | Queue | Villager (Male) |
| 11:59 | Build | Farm |
| 12:06 | Build | House |
| 12:16 | Queue | Villager (Male) |
| 12:36 | Queue | Militia |
| 12:42 | Build | House |
| 12:50 | Build | Farm |
| 12:56 | Queue | Villager (Male) |
| 12:56 | Queue | Villager (Male) |
| 12:56 | Queue | Villager (Male) |
| 13:15 | Build | House |
| 13:16 | Queue | Villager (Male) |
| 13:16 | Queue | Villager (Male) |
| 13:23 | Build | Farm |
| 13:27 | Queue | Militia |
| 13:35 | Build | Farm |
| 13:48 | Queue | Villager (Male) |
| 13:50 | Build | Farm |
| 13:53 | Build | Farm |
| 14:04 | Queue | Militia |
| 14:19 | Queue | Villager (Male) |
| 14:27 | Queue | Villager (Male) |
| 14:29 | Build | Farm |
| 14:46 | Queue | Villager (Male) |
| 14:49 | Build | Barracks |
| 14:58 | Queue | Villager (Male) |
| 15:02 | Build | Farm |
| 15:07 | Queue | Militia |
| 15:15 | Build | Farm |
| 15:31 | Build | Farm |
| 15:32 | Build | Farm |
| 15:34 | Queue | Militia |
| 15:42 | Queue | Militia |
| 15:46 | Build | Stone Wall |
| 15:48 | Build | Stone Wall |
| 15:50 | Build | Stone Wall |
| 16:06 | Research | Scale Mail Armor |
| 16:06 | Research | Scale Mail Armor |
| 16:06 | Queue | Villager (Male) |
| 16:20 | Queue | Militia |
| 16:23 | Build | Watch Tower |
| 16:28 | Build | Farm |
| 16:29 | Build | Farm |
| 16:30 | Queue | Villager (Male) |
| 16:48 | Queue | Militia |
| 16:49 | Queue | Militia |
| 16:58 | Queue | Villager (Male) |
| 16:58 | Queue | Villager (Male) |
| 17:30 | Queue | Militia |
| 17:35 | Queue | Villager (Male) |
| 17:40 | Build | Farm |
| 17:41 | Build | Mill |
| 17:48 | Build | Palisade Wall |
| 17:55 | Research | Forging |
| 18:10 | Queue | Villager (Male) |
| 18:15 | Build | Farm |
| 18:22 | Queue | Militia |
| 18:22 | Queue | Militia |
| 18:22 | Queue | Militia |
| 18:27 | Build | Farm |
| 18:31 | Queue | Militia |
| 18:39 | Build | Farm |
| 18:40 | Queue | Villager (Male) |
| 18:55 | Queue | Militia |
| 19:08 | Queue | Militia |
| 19:11 | Queue | Villager (Male) |
| 19:13 | Build | Barracks |
| 19:20 | Queue | Villager (Male) |
| 19:29 | Queue | Militia |
| 19:29 | Queue | Militia |
| 19:32 | Queue | Villager (Male) |
| 19:43 | Queue | Militia |
| 19:43 | Queue | Militia |
| 19:55 | Queue | Militia |
| 19:58 | Queue | Militia |
| 20:04 | Build | House |
| 20:10 | Queue | Militia |
| 20:11 | Queue | Militia |
| 20:15 | Build | Farm |
| 20:27 | Queue | Militia |
| 20:27 | Queue | Militia |
| 20:28 | Queue | Villager (Male) |
| 20:30 | Build | House |
| 20:31 | Build | House |
| 20:32 | Build | House |
| 20:51 | Queue | Militia |
| 20:51 | Queue | Militia |
| 20:55 | Queue | Villager (Male) |
| 21:10 | Queue | Militia |
| 21:10 | Queue | Militia |
| 21:13 | Build | Farm |
| 21:26 | Build | House |
Match timeline
| 4:04 | [Not TyRant] Not The Viper · first_building Barracks |
| 4:54 | Movinup14 · first_building Barracks |
| 7:10 | Movinup14 · wall_segment Palisade Wall x1 |
| 7:12 | Movinup14 · wall_segment Palisade Wall x1 |
| 7:14 | Movinup14 · wall_segment Palisade Wall x1 |
| 8:52 | Movinup14 · wall_segment Palisade Wall x1 |
| 8:54 | Movinup14 · wall_segment Palisade Wall x1 |
| 9:41 | Movinup14 · age_up feudal |
| 10:15 | [Not TyRant] Not The Viper · age_up feudal |
| 10:22 | [Not TyRant] Not The Viper · first_building Archery Range |
| 15:46 | [Not TyRant] Not The Viper · wall_segment Stone Wall x1 |
| 15:48 | [Not TyRant] Not The Viper · wall_segment Stone Wall x1 |
| 15:50 | [Not TyRant] Not The Viper · wall_segment Stone Wall x1 |
| 16:48 | Movinup14 · first_market_sell 500 stone |
| 16:52 | Movinup14 · first_market_buy 100 food |
| 17:48 | [Not TyRant] Not The Viper · wall_segment Palisade Wall x1 |
| 21:51 | Movinup14 · age_up castle |
| 23:29 | [Not TyRant] Not The Viper · resign |
[ AI ANALYSIS · 1 CREDIT ]
What really happened in this match?
Wolo.gg analyzes every decision: build order, eco, micro, common mistakes by bracket. Personalized analysis on WhatsApp or Discord in 30 seconds.
Civ guide
Incas
Perfil
Movinup14